 Dungeon Crawl Stone Soup version 0.26-a0-852-g6321bf7485 (webtiles) character file.

Game seed: 4921091220337411668

492 gishou the Skirmisher (level 7, -3/60 HPs)
             Began as a Gnoll Abyssal Knight on Nov 22, 2020.
             Was a Believer of Lugonu.
             Succumbed to Duvessa's poison
             ... on level 3 of the Dungeon.
             The game lasted 00:04:50 (3263 turns).

gishou the Skirmisher (Gnoll Abyssal Knight)        Turns: 3263, Time: 00:04:51

Health: -3/60      AC:  6    Str: 16    XL:     7   Next: 14%
Magic:  10/10      EV: 12    Int: 14    God:    Lugonu [**....]
Gold:   223        SH:  0    Dex: 15    Spells: 10/10 levels left

rFire    . . .     SeeInvis .   f - +0 spear (venom)
rCold    . . .     Faith    .   (no shield)
rNeg     . . .     Spirit   .   k - +0 ring mail
rPois    .         Reflect  .   (no helmet)
rElec    .         Harm     .   (no cloak)
rCorr    .         Rampage  .   (no gloves)
MR       .....                  (no boots)
Stlth    +.........             (no amulet)
HPRegen  0.20/turn              (no ring)
MPRegen  0.12/turn              (no ring)

@: lethally poisoned (-3 -> -56)
A: distributed training, fangs 1, strong nose
a: Depart the Abyss, Bend Space, Renounce Religion


You were on level 3 of the Dungeon.
You worshipped Lugonu.
Lugonu was pleased with you.
You visited 1 branch of the dungeon, and saw 4 of its levels.
You visited the Abyss 1 time.

You collected 223 gold pieces.

Inventory:

Hand Weapons
 f - a +0 spear of venom (weapon)
 g - a +2 dagger of electrocution
 o - a +0 trident
Missiles
 m - 17 poisoned darts (quivered)
Armour
 k - a +0 ring mail (worn)
Jewellery
 h - a +4 ring of slaying {unknown}
Wands
 n - a wand of random effects (15)
Scrolls
 b - 4 scrolls of identify {unknown}
 c - a scroll of fog {unknown}
 e - a scroll of silence {unknown}
 i - a scroll of magic mapping {unknown}
 j - a scroll of amnesia {unknown}
Potions
 d - a potion of mutation {unknown}


   Skills:
 + Level 7.0 Fighting
 + Level 2.3 Short Blades
 + Level 2.3 Long Blades
 + Level 2.3 Axes
 + Level 2.3 Maces & Flails
 + Level 5.1 Polearms
 + Level 2.3 Staves
 + Level 2.3 Slings
 + Level 2.3 Bows
 + Level 2.3 Crossbows
 + Level 2.3 Throwing
 + Level 5.1 Armour
 + Level 3.5 Dodging
 + Level 2.3 Stealth
 + Level 2.3 Shields
 + Level 2.3 Unarmed Combat
 + Level 2.3 Spellcasting
 + Level 1.8 Conjurations
 + Level 1.8 Hexes
 + Level 1.8 Summonings
 + Level 1.8 Necromancy
 + Level 1.8 Translocations
 + Level 1.8 Transmutations
 + Level 1.8 Fire Magic
 + Level 1.8 Ice Magic
 + Level 1.8 Air Magic
 + Level 1.8 Earth Magic
 + Level 1.8 Poison Magic
 + Level 5.3 Invocations
 + Level 2.3 Evocations


You had 10 spell levels left.
You didn't know any spells.
Your spell library was empty.

Dungeon Overview and Level Annotations

Branches:
Dungeon (4/15)
 Temple: D:4-7

Altars:
Uskayaw

Annotations:
D:3 Dowan, Duvessa


Innate Abilities, Weirdness & Mutations

Your experience applies equally to all skills.
You have very sharp teeth.
Your uncanny sense of smell can sniff out nearby items.


Message History

* * * LOW HITPOINT WARNING * * *
You feel sick.
Duvessa hits you with a +2 rapier of venom.
* * * LOW HITPOINT WARNING * * *
You are more poisoned.
You hit Duvessa but do no damage.
Duvessa looks as sick as possible!
You bite Duvessa.
Duvessa is moderately wounded.
* * * LOW HITPOINT WARNING * * *
You feel very sick. Duvessa hits you but does no damage.
You are more poisoned.
You barely miss Duvessa.
Duvessa is moderately wounded.
* * * LOW HITPOINT WARNING * * *
You feel very sick. Duvessa misses you.
You hit Duvessa but do no damage.
Duvessa looks as sick as possible!
Duvessa is moderately wounded.
You die...

### #######
#.##########.....#
#.#.##...........#
#.#.##..(........####
#...@e.....>.....()[.
#.#.##...........####
#####.#.##.e.........####
#..(....##...............
###.).#..#.......#.######
#.####.#####...#..## ##
#.####.#....<..#...# #.
#.#P.#...#########.####
#.####.......###.#.#P##


You could see Duvessa (fast, extremely poisoned) and Dowan.

Vanquished Creatures
  Grinder (D:3)
  Sigmund (D:2)
  Ijyb (D:3)
  4 adders
  An ooze (D:1)
  A worm (D:3)
  2 dart slugs
  5 orcs (D:3)
  3 ball pythons
  7 bats
  A giant cockroach (D:3)
  10 goblins
  8 hobgoblins
  2 quokkas (D:2)
  6 frilled lizards
  14 kobolds
  6 rats
73 creatures vanquished.

Notes
Turn   | Place    | Note
-------+----------+-------------------------------------------
     0 | Abyss:1  | gishou the Gnoll Abyssal Knight began the quest for the
                  | Orb.
     0 | Abyss:1  | Reached XP level 1. HP: 23/23 MP: 3/3
   102 | Abyss:2  | Noticed a thrashing horror
   108 | D:1      | Escaped the Abyss
   394 | D:1      | Reached XP level 2. HP: 25/29 MP: 5/5
   522 | D:1      | Reached * piety under Lugonu
   721 | D:1      | Reached XP level 3. HP: 35/35 MP: 6/6
  1055 | D:2      | Reached skill level 1 in Short Blades
  1055 | D:2      | Reached skill level 1 in Long Blades
  1055 | D:2      | Reached skill level 1 in Axes
  1055 | D:2      | Reached skill level 1 in Maces & Flails
  1055 | D:2      | Reached skill level 1 in Staves
  1055 | D:2      | Reached skill level 1 in Slings
  1055 | D:2      | Reached skill level 1 in Bows
  1055 | D:2      | Reached skill level 1 in Crossbows
  1055 | D:2      | Reached skill level 1 in Throwing
  1055 | D:2      | Reached skill level 1 in Stealth
  1055 | D:2      | Reached skill level 1 in Shields
  1055 | D:2      | Reached skill level 1 in Unarmed Combat
  1055 | D:2      | Reached skill level 1 in Spellcasting
  1055 | D:2      | Reached skill level 1 in Evocations
  1388 | D:2      | Reached XP level 4. HP: 41/41 MP: 7/7
  1520 | D:2      | Noticed Sigmund
  1536 | D:2      | Killed Sigmund
  1537 | D:2      | Reached skill level 1 in Conjurations
  1537 | D:2      | Reached skill level 1 in Hexes
  1537 | D:2      | Reached skill level 1 in Summonings
  1537 | D:2      | Reached skill level 1 in Necromancy
  1537 | D:2      | Reached skill level 1 in Translocations
  1537 | D:2      | Reached skill level 1 in Transmutations
  1537 | D:2      | Reached skill level 1 in Fire Magic
  1537 | D:2      | Reached skill level 1 in Ice Magic
  1537 | D:2      | Reached skill level 1 in Air Magic
  1537 | D:2      | Reached skill level 1 in Earth Magic
  1537 | D:2      | Reached skill level 1 in Poison Magic
  1537 | D:2      | Reached skill level 5 in Invocations
  1537 | D:2      | Reached XP level 5. HP: 25/47 MP: 8/8
  1799 | D:2      | Reached XP level 6. HP: 53/53 MP: 9/9
  1831 | D:2      | Found a hide-covered altar of Uskayaw.
  1893 | D:2      | Found a faded altar of an unknown god.
  2074 | D:2      | Reached ** piety under Lugonu
  2480 | D:3      | Noticed Ijyb
  2496 | D:3      | Killed Ijyb
  2773 | D:3      | Noticed Grinder
  2798 | D:3      | Killed Grinder
  2799 | D:3      | Reached skill level 5 in Polearms
  2799 | D:3      | Reached skill level 5 in Armour
  2799 | D:3      | Reached XP level 7. HP: 29/59 MP: 10/10
  2986 | D:3      | Reached skill level 7 in Fighting
  3239 | D:4      | Noticed Duvessa
  3239 | D:4      | Noticed Dowan
  3262 | D:3      | HP: 1/60 [poisoned by Duvessa]
  3263 | D:3      | Succumbed to Duvessa's poison

Illustrated notes

Levels and vault maps discovered:
D:1:      giann_horns, layout_rooms, minmay_crystal_room
D:2:      layout_basic, nicolae_overflow_crystal_walls,
          chequers_ecumenical_altar_island, kennysheep_generic_room_15,
          uniq_sigmund
D:3:      layout_basic, serial_aquarium, aquarium_bridge_square
          [aquarium_subvault_bridge, aquarium_subvault_wall,
          aquarium_subvault_bridge, aquarium_subvault_window],
          aquarium_window_corner, aquarium_window_1, aquarium_view_2b,
          aquarium_balcony_3b, aquarium_pool_side, minmay_misc_feat_square,
          uniq_ijyb, uniq_grinder
D:4:      minmay_wonky_spiral, layout_layer_cave, serial_shops,
          nicolae_shop_behind_doors, uniq_duvessa, uniq_crazy_yiuf_cottage

Skill      XL: |  1  2  3  4  5  6  7 |
---------------+----------------------+-----
Short Blades   | 1 2 |  2.3
Long Blades    | 1 2 |  2.3
Axes           | 1 2 |  2.3
Maces & Flails | 1 2 |  2.3
Staves         | 1 2 |  2.3
Slings         | 1 2 |  2.3
Bows           | 1 2 |  2.3
Crossbows      | 1 2 |  2.3
Throwing       | 1 2 |  2.3
Stealth        | 1 2 |  2.3
Shields        | 1 2 |  2.3
Unarmed Combat | 1 2 |  2.3
Spellcasting   | 1 2 |  2.3
Evocations     | 1 2 |  2.3
Dodging        | 3 |  3.5
Conjurations   | 1 |  1.8
Hexes          | 1 |  1.8
Summonings     | 1 |  1.8
Necromancy     | 1 |  1.8
Translocations | 1 |  1.8
Transmutations | 1 |  1.8
Fire Magic     | 1 |  1.8
Ice Magic      | 1 |  1.8
Air Magic      | 1 |  1.8
Earth Magic    | 1 |  1.8
Poison Magic   | 1 |  1.8
Invocations    | 5 |  5.3
Polearms       | 5 |  5.1
Armour         | 5 |  5.1
Fighting       | 7 |  7.0

Action                   |  1- 3 |  4- 6 |  7- 9 || total
-------------------------+-------+-------+-------++-------
Melee: Spear             |    88 |   126 |    25 ||   239
       Bite              |     5 |     8 |     5 ||    18
       Punch             |     1 |       |       ||     1
Throw: Dart              |       |     1 |       ||     1
Invok: Depart the Abyss  |     1 |       |       ||     1
Evoke: Wand              |       |     1 |       ||     1
  Use: Potion            |       |       |     2 ||     2
 Stab: Sleeping          |     1 |     3 |       ||     4
Armor: Leather armour    |    15 |       |       ||    15
       Ring mail         |       |    15 |    10 ||    25
Dodge: Dodged            |    44 |    54 |    18 ||   116

Table legend: (Time is in decaauts)
 A = Elapsed time spent in this place.
 B = Non-inter-level travel time spent in this place.
 C = Inter-level travel time spent in this place.
 D = Time resting spent in this place.
 E = Time spent auto-exploring this place.
 F = Levels seen in this place.
 G = Mean time per level.
                   A        B        C        D        E       F      G
               +--------+--------+--------+--------+--------+-----+--------+
         Total |   3232 |   3170 |     62 |    572 |   2071 |   6 |  538.7 |
       Dungeon |   3124 |   3062 |     62 |    572 |   2071 |   4 |  781.0 |
         Abyss |    107 |    107 |      0 |      0 |      0 |   2 |   53.5 |
               +--------+--------+--------+--------+--------+-----+--------+

Top non-repeatable levels by time:
     D:2: 1353 daAuts
     D:1: 914 daAuts
     D:3: 851 daAuts
 Abyss:2: 83 daAuts
 Abyss:1: 24 daAuts
     D:4: 4 daAuts
